AoeStats
← 888

Pilgrims

510094546Analyzed
4v4 RM · 2d ago on Sep 29, 2026· 13m 11s· 8 players
Game mode
Random Map
Map size
Large (8 player)
Population
200
Speed
Normal
Resources
Standard
Victory
Conquest
Starting age
Dark Age
Ending age
Imperial Age
RankedLock teamsTeams togetherTeam positionsShared explorationLock speedFull tech treeHidden civsTurbo modeCheats
Victory
Defeat
🇭🇰 Spanish · Hong Kong SAR China
1270
+16
🇭🇰 Danes · Hong Kong SAR China
1267
+16
🇨🇳 Celts · China
1265
+17
🇦🇷 Vikings · Argentina
1239
+18
🇨🇳 Lithuanians · China
1302
-18
🇨🇳 Chinese · China
1297
-17
🇫🇷 Persians · France
1260
-16
🇹🇼 Spanish · Taiwan
1249
-16
302
7:45 Loom
11:38 Feudal Age
有个小草
10:37 Feudal Age
10:07 Loom
14:26 Castle Age
13:15 Double-Bit Axe
13:13 Horse Collar
Bear
动车的车头
9:01 Loom
11:08 Feudal Age
14:59 Castle Age
12:50 Double-Bit Axe
888
13:55 Feudal Age
ไม่ชนะ
6:16 Loom
2110316511
9:47 Feudal Age
10:22 Double-Bit Axe
13:46 Castle Age
11:45 Horse Collar
巨大的问号
2:58 Loom
12:19 Feudal Age
Connection lost

Rejoining the realm…

Still unreachable

The connection could not be restored.

Session expired

The server has moved on; the page needs a fresh start.